 Dungeon Crawl Stone Soup version 0.31-a0-1476-g8a4046af8c (webtiles) character file.

Game seed: 11896536025810850290

445939 TheSeeker391 the Executioner (level 24, -5/233 HPs)
             Began as a Hill Orc Fighter on Dec 29, 2023.
             Was a High Priest of Okawaru.
             Killed by divine providence
             ... invoked by a royal mummy
              (14 damage)
             ... on level 2 of the Tomb of the Ancients.
             The game lasted 02:10:26 (52888 turns).

TheSeeker391 the Executioner (Hill Orc Fighter)    Turns: 52888, Time: 02:10:29

Health: -5/233     AC: 52    Str: 35 (36) XL:     24   Next: 20%
Magic:  32/32      EV: 33    Int: 10      God:    Okawaru [*****.]
Gold:   3874       SH: 22    Dex: 35      Spells: 23/23 levels left

rFire   + + .        O - +7 war axe "Ox" {flame, Int+4}
rCold   + + .        V - +3 warlock's mirror {omnireflect}
rNeg    + . .        P - +12 crystal plate armour "Murymoora" {rPois Str+5}
rPois   +            j - +2 hat {Stlth+}
rElec   +            J - +2 cloak {rC+}
rCorr   +            Y - +2 pair of gloves {Dex+3}
SInv    .            H - +2 pair of boots {Fly}
Will    .....        s - amulet of the Will of the Gods {Reflect Str+5 SH+5} Stlth
                     i - ring of Jelal {rCorr Int+2 Dex+6}
HPRegen 0.58/turn    f - ring of Hepripti {rPois rN+ EV+5 Int-4 Dex+8}
MPRegen 0.23/turn

%: reflection
@: mighty, about to teleport, resistant, weak-willed, heroic, flying, hasted,
very quick
A: antennae 1, agile 2, fire resistance 1, low MP 1
}: 2/15 runes: decaying, serpentine
a: Renounce Religion, Heroism, Finesse, Duel


You were on level 2 of the Tomb of the Ancients.
You worshipped Okawaru.
Okawaru was extremely pleased with you.
You visited 10 branches of the dungeon, and saw 41 of its levels.
You visited the Abyss 2 times.
You also visited: Sewer, Bailey, Ice Cave and Desolation.

You collected 6976 gold pieces.
You spent 3102 gold pieces at shops.

Inventory:

Hand Weapons
 t - the +5 war axe "Vomim" {speed, rC+ rCorr}
   (You acquired it on level 7 of the Dungeon)

   rC+:       It protects you from cold.
   rCorr:     It protects you from acid and corrosion.
 B - the +4 eveningstar "Giuchos" {chaos, rPois rCorr Int+4 Dex-3}
   (You subdued it on level 4 of the Snake Pit)

   Int+4:     It affects your intelligence (+4).
   Dex-3:     It affects your dexterity (-3).
   rPois:     It protects you from poison rCorr: It protects you from acid and
   corrosion.
 O - the +7 war axe "Ox" (weapon) {flame, Int+4}
   (Okawaru gifted it to you on level 1 of the Lair of Beasts)

   Int+4:     It affects your intelligence (+4).
Armour
 h - +0 fire dragon scales
 j - a +2 hat of stealth (worn)
 H - a +2 pair of boots of flying (worn)
 J - a +2 cloak of cold resistance (worn)
 P - the +12 crystal plate armour "Murymoora" (worn) {rPois Str+5}
   (Okawaru gifted it to you on level 1 of the Lair of Beasts)

   Str+5:     It affects your strength (+5).
   rPois:     It protects you from poison
 V - the +3 warlock's mirror (worn) {omnireflect}
   (You bought it in a shop on level 1 of the Snake Pit)

   Omnireflect: It can block and reflect piercing ranged attacks and magical
   attacks against the wielder's willpower.
 Y - a +2 pair of gloves of dexterity (worn)
Jewellery
 f - the ring of Hepripti (right hand) {rPois rN+ EV+5 Int-4 Dex+8}
   (You acquired it on level 1 of the Dungeon)

   [ring of evasion]

   EV+5:      It affects your evasion (+5).
   Int-4:     It affects your intelligence (-4).
   Dex+8:     It affects your dexterity (+8).
   rPois:     It protects you from poison rN+: It protects you from negative
   energy.
 i - the ring of Jelal (left hand) {rCorr Int+2 Dex+6}
   (You found it in the Desolation of Salt)

   [ring of dexterity]

   Int+2:     It affects your intelligence (+2).
   Dex+6:     It affects your dexterity (+6).
   rCorr:     It protects you from acid and corrosion.
 m - a ring of see invisible
 p - a ring of willpower
 s - the amulet of the Will of the Gods (around neck) {Reflect Str+5 SH+5}
   (You found it in the Desolation of Salt)

   [amulet of reflection]

   Reflect:   It reflects blocked missile attacks.
   Str+5:     It affects your strength (+5).
   SH+5:      It affects your SH (+5).
 w - a ring of protection from fire
 x - a +4 ring of protection
 y - a ring of resist corrosion
 z - a +4 ring of slaying
Wands
 a - a wand of acid (5)
 c - a wand of mindburst (24)
 k - a wand of flame (90)
 C - a wand of polymorph (24)
 D - a wand of digging (34)
 F - a wand of roots (82)
Scrolls
 b - 2 scrolls of silence
 n - 7 scrolls of immolation
 o - 7 scrolls of teleportation
 v - 6 scrolls of vulnerability
 A - 8 scrolls of fog
 E - 9 scrolls of revelation
 L - 5 scrolls of poison
 N - 7 scrolls of fear
 S - 2 scrolls of enchant weapon
 W - 2 scrolls of amnesia
Potions
 d - 5 potions of lignification
 e - a potion of brilliance
 g - 7 potions of haste
 q - 5 potions of enlightenment
 r - 4 potions of magic
 G - 3 potions of might
 I - 4 potions of berserk rage
 M - 6 potions of mutation
 Q - 4 potions of cancellation
 U - 4 potions of invisibility
Miscellaneous
 T - a phial of floods (inert)
 X - a lightning rod (inert)


   Skills:
 + Level 22.4(27) Fighting
 + Level 25.9(27) Axes
 * Level 15.6(20.6) Armour
 + Level 14.9(19.9) Dodging
 + Level 2.2(7.2) Stealth
 + Level 21.0(26.0) Shields
 - Level 0.4 Spellcasting
 * Level 19.1 Invocations
 - Level 10.1 Evocations


You had 23 spell levels left.
You didn't know any spells.
Your spell library contained the following spells:

 Spells                   Type           Power      Damage    Failure   Level
 Apportation              Tloc           0%         N/A       95%         1
 Freeze                   Ice            0%         1d3       95%         1
 Magic Dart               Conj           0%         1d3       95%         1
 Necrotise                Necr           0%         1d4       95%         1
 Sandblast                Erth           0%         2d4       95%         1
 Slow                     Hex            0%         N/A       95%         1
 Sting                    Conj/Alch      0%         1d3       95%         1
 Blink                    Tloc           0%         N/A       98%         2
 Cigotuvi's Dreadful Rot  Necr/Alch/Air  0%         N/A       98%         2
 Jinxbite                 Hex            0%         N/A       98%         2
 Lesser Beckoning         Tloc           0%         N/A       98%         2
 Mercury Vapours          Alch/Air       0%         N/A       98%         2
 Momentum Strike          Conj/Tloc      0%         3d8       98%         2
 Scorch                   Fire           0%         2d5       98%         2
 Searing Ray              Conj           0%         2d4       98%         2
 Sublimation of Blood     Necr           0%         N/A       98%         2
 Confusing Touch          Hex            0%         N/A       100%        3
 Frozen Ramparts          Ice            0%         1d1       100%        3
 Hailstorm                Conj/Ice       0%         3d5       100%        3
 Inner Flame              Hex/Fire       0%         N/A       100%        3
 Mephitic Cloud           Conj/Alch/Air  0%         N/A       100%        3
 Passwall                 Erth           0%         N/A       100%        3
 Sigil of Binding         Hex            0%         N/A       100%        3
 Stone Arrow              Conj/Erth      0%         3d7       100%        3
 Vampiric Draining        Necr           0%         2d6       100%        3
 Volatile Blastmotes      Fire/Tloc      0%         2d10      100%        3
 Brom's Barrelling Bould  Conj/Erth      0%         2d3       100%        4
 Cause Fear               Hex            0%         N/A       100%        4
 Dimensional Bullseye     Hex/Tloc       0%         N/A       100%        4
 Dispel Undead            Necr           0%         3d6       100%        4
 Flame Wave               Conj/Fire      0%         2d4       100%        4
 Fulminant Prism          Conj/Alch      0%         3d5       100%        4
 Ignite Poison            Fire/Alch      0%         N/A       100%        4
 Iskenderun's Mystic Bla  Conj/Tloc      0%         2d3       100%        4
 Leda's Liquefaction      Alch/Erth      0%         N/A       100%        4
 Manifold Assault         Tloc           0%         N/A       100%        4
 Olgreb's Toxic Radiance  Alch           0%         N/A       100%        4
 Passage of Golubria      Tloc           0%         N/A       100%        4
 Petrify                  Alch/Erth      0%         N/A       100%        4
 Vhi's Electric Charge    Tloc/Air       0%         N/A       100%        4
 Alistair's Intoxication  Alch           0%         N/A       100%        5
 Arcjolt                  Conj/Air       0%         1d10      100%        5
 Fireball                 Conj/Fire      0%         3d3       100%        5
 Freezing Cloud           Conj/Ice/Air   0%         6-21      100%        5
 Irradiate                Conj/Alch      0%         3d11      100%        5
 Iskenderun's Battlesphe  Conj           0%         2d6       100%        5
 Lee's Rapid Deconstruct  Erth           0%         3d4*      100%        5
 Yara's Violent Unravell  Hex/Alch       0%         3d3       100%        5
 Dispersal                Tloc           0%         N/A       100%        6
 Eringya's Noxious Bog    Alch           0%         4d6       100%        6
 Plasma Beam              Fire/Air       0%         2x1d10    100%        6
 Enfeeble                 Hex            0%         N/A       100%        7
 Ozocubu's Refrigeration  Ice            0%         4d7       100%        7
 Discord                  Hex            0%         N/A       100%        8
 Disjunction              Tloc           0%         N/A       100%        8
 Ignition                 Fire           0%         3d3       100%        8
 Lehudib's Crystal Spear  Conj/Erth      0%         10d2      100%        8
 Fire Storm               Conj/Fire      0%         5d1       100%        9
 Summon Small Mammal      Summ           Unusable   N/A       N/A         1
 Call Imp                 Summ           Unusable   N/A       N/A         2
 Call Canine Familiar     Summ           Unusable   N/A       N/A         3
 Tukima's Dance           Hex            Unusable   N/A       N/A         3
 Animate Armour           Summ/Erth      Unusable   N/A       N/A         4
 Martyr's Knell           Necr/Summ      Unusable   N/A       N/A         4
 Summon Lightning Spire   Summ/Air       Unusable   N/A       N/A         4
 Summon Forest            Summ/Tloc      Unusable   N/A       N/A         5
 Death Channel            Necr           Unusable   N/A       N/A         6
 Summon Cactus Giant      Summ           Unusable   N/A       N/A         6
 Summon Hydra             Summ           Unusable   N/A       N/A         7
 Dragon's Call            Summ           Unusable   N/A       N/A         9

Dungeon Overview and Level Annotations

Branches:
Dungeon (13/15)            Temple (0/1) D:7            Lair (5/5) D:11
  Swamp (4/4) Lair:3        Snake (4/4) Lair:3        Slime (1/5) Lair:5
    Orc (2/2) D:12            Elf (3/3) Orc:2        Vaults (4/5) D:13
  Crypt (3/3) Vaults:3       Tomb (2/3) Crypt:3       Sewer (visited)
 Bailey (visited)           IceCv (visited)         Desolation (visited)

Altars:
Fedhas
Hepliaklqana
Kikubaaqudgha
Nemelex Xobeh
Okawaru
Ru
Sif Muna
Trog
Xom
Yredelemnul
The Shining One

Shops:
D:2 (   D:12 *   Orc:2 ([(?   Elf:1 (*:   Elf:2 :*   Snake:1 [[[   Snake:3 [
Vaults:1 [(

Portals:
Trove: Vaults:2 (give +3 fire dragon scales)


Innate Abilities, Weirdness & Mutations

You have a pair of small antennae on your head.
You are very agile. (Dex +8, Str/Int -2)
Your flesh is heat resistant. (rF+)
Your magical capacity is low. (-10% MP)


Message History

The emperor scorpion misses you.
The ushabti shakes and rattles deafeningly!
The royal mummy casts a spell.
You hear a chilling moan.
The emperor scorpion fails to trigger a net trap.
You block the mummy's attack.
As you read the scroll of teleportation, it crumbles to dust.
You feel strangely unstable. You block the death scarab's attack.
The royal mummy casts a spell.
You block the emperor scorpion's attack.
The emperor scorpion claws you but does no damage. x2
You hear a loud "Zot"!
The emperor scorpion barely misses you.
The emperor scorpion completely misses you. x2
The death scarab misses you.
You hear a loud "Zot"!
The death scarab's many legs skitter faintly. x2
The death scarab barely misses you.
You hear a loud "Zot"!
The power of Zot is invoked against you!
You feel weakened.
The death scarab fails to trigger a net trap.
The death scarab fails to trigger a net trap.
The death scarab attacks as it pursues you!
You block the death scarab's attack.
The emperor scorpion fails to trigger a net trap.
The ushabti shakes and rattles deafeningly!
You hear a loud "Zot"!
The laughing skull gives a hideous shriek!
The death scarab waves its antennae.
You block the death scarab's attack.
You hear a loud "Zot"!
A guardian mummy comes into view.
The death scarab attacks as it pursues you!
The death scarab completely misses you. x2
The death scarab bites you but does no damage.
The emperor scorpion fails to trigger a net trap.
The royal mummy gestures at you while chanting.
Something smites you!
You die...

#...9°#
.........
#...M.#
........M.
#..MsM#
..........
#..WMM#
..V..
#.M^sM#
..V..
###'###


ZWM.. #.MB..## ##### #MB^...# #@s9^..# #BBsMM.# 'M #..s.B.# #^ ######## ## You
could see a royal mummy, 5 emperor scorpions, a mummy priest, a guardian mummy,
an ushabti, a wraith (summoned), 5 death scarabs and 5 mummies.

Vanquished Creatures
  Mara (Vaults:2)
  2 royal mummies (Tomb:1)
  Xtahua (Vaults:2)
  Saint Roka (Snake:2)
  Jory (Vaults:3)
  3 bone dragons
  Jorgrun (Elf:1)
  2 shard shrike skeletons (Crypt:3)
  2 deep elf master archers (Elf:3)
  2 liches
  3 deep elf blademasters
  7 ancient champions (Crypt:3)
  An acid blob (Lair:5)
  7 sphinxes
  The ghost of Turbonekonecno the Ninja, an adept SpEn of Uskayaw (Snake:4)
  Gastronok (Lair:3)
  2 thorn hunters
  3 revenants
  A fenstrider witch (Swamp:4)
  6 nagarajas
  A draconian knight (Abyss:2)
  7 vault wardens
  3 imperial myrmidons (Desolation)
  A balrug (Abyss:2)
  5 deep elf sorcerers
  3 deep elf elementalists
  4 reapers
  2 orc warlords (Vaults:3)
  Louise (Elf:1)
  8 ghouls
  A curse skull (Crypt:3)
  10 ironbound preservers
  3 formless jellyfish
  3 very ugly things (Vaults:3)
  An ironbound thunderhulk (Vaults:2)
  6 vampire knights
  6 deep elf death magi
  A halazid warlock (Desolation)
  4 eleionomae
  7 deep elf annihilators (Elf:3)
  2 deep elf demonologists (Elf:3)
  11 dire elephants
  4 bunyips
  2 war gargoyles
  9 mummy priests
  2 eidola
  6 jiangshi
  4 crystal guardians
  An entropy weaver (Vaults:1)
  4 fire dragons
  An ettin (Vaults:3)
  Josephine (D:12)
  5 great orbs of eyes
  5 ragged hierophants (Desolation)
  6 yaktaur captains
  2 deep elf high priests (Elf:3)
  2 spriggan zombies
  12 hydras
  A catoblepas (Lair:3)
  3 ghost crabs
  2 salamander tyrants (Snake:4)
  3 vault guards (Vaults:2)
  5 ironbound frosthearts
  7 servants of whispers (Desolation)
  9 peacekeepers
  A caustic shrike simulacrum (Crypt:3)
  7 centaur warriors
  2 ogre magi (Orc:2)
  13 anacondas
  7 alligators
  2 death knights
  3 boulder beetles
  A bennu zombie (Crypt:1)
  12 two-headed ogres
  9 naga warriors
  18 death scarabs (Tomb:1)
  5 death yaks (Lair:5)
  36 dancing weapons
  7 spriggans
  A titan zombie (Crypt:2)
  3 orc high priests (Vaults:3)
  2 naga sharpshooters
  7 vampire magi
  11 shock serpents
  A soul eater (Crypt:1)
  Amaemon (D:9)
  A skyshark (Lair:5)
  2 titan skeletons
  19 deep trolls
  2 wretched stars (Abyss:2)
  15 deep elf knights
  4 shadow wraiths
  A bunyip zombie (Tomb:2)
  14 skeletal warriors
  5 salamander mystics
  A sea snake (Snake:2)
  2 sixfirhies
  7 goliath frogs
  4 flayed ghosts
  A spriggan druid (Swamp:4)
  10 deep elf archers
  4 bog bodies
  12 lindwurms
  6 phantasmal warriors
  14 swamp dragons
  13 ironbound convokers
  The ghost of Pascal76 the Cleaver, a novice MiFi (D:6)
  8 naga ritualists
  4 necromancers
  A harpy (Vaults:3)
  6 orc knights
  A bunyip skeleton (Crypt:1)
  15 mana vipers
  12 ugly things
  An orc sorcerer (Orc:1)
  25 deep elf pyromancers
  28 deep elf zephyrmancers
  A stone giant zombie (Crypt:3)
  2 arcanists
  5 cyclopes
  A jorogumo skeleton (Crypt:1)
  18 salamanders
  A manticore (D:10)
  9 will-o-the-wisps
  A kobold blastminer (Orc:2)
  Maurice (D:11)
  17 naga magi
  A frost giant skeleton (Crypt:3)
  17 guardian serpents
  20 elephants
  5 molten gargoyles
  A centaur zombie (Crypt:3)
  An apocalypse crab (Abyss:2)
  An alligator snapping turtle zombie (Crypt:2)
  8 vault sentinels
  An ice statue (IceCv)
  A gargoyle (D:13)
  2 torpor snails (Lair:5)
  46 black mambas
  An orange demon (D:9)
  6 cane toads
  2 centaur skeletons (Crypt:2)
  2 unseen horrors
  2 rime drakes
  2 red draconian zombies
  A steelbarb worm zombie (Crypt:3)
  A dire elephant skeleton (Crypt:2)
  An ice devil (IceCv)
  9 large abominations
  2 efreet (D:10)
  4 kobold demonologists (D:11)
  3 anaconda simulacra
  18 komodo dragons
  A green draconian skeleton (Crypt:2)
  An iron troll skeleton (Crypt:1)
  19 yaktaurs
  16 guardian mummies
  A purple draconian skeleton (Crypt:3)
  A harpy zombie (Tomb:1)
  13 trolls
  An ancient zyme (Abyss:3)
  5 freezing wraiths
  A polar bear (Lair:3)
  A mana viper zombie (Crypt:3)
  10 tyrant leeches
  6 hornets
  A jumping spider zombie (Crypt:2)
  60 saltlings
  11 blink frogs
  4 raiju (Abyss:3)
  3 harpy skeletons
  14 slime creatures
  2 ettin zombies
  2 dream sheep (Lair:5)
  Sigmund (D:3)
  4 air elementals
  68 yaks
  2 dire elephant simulacra
  9 wraiths
  A ynoxinul (D:8)
  A black mamba skeleton (Tomb:1)
  3 water elementals (Elf:2)
  5 vampires (Crypt:3)
  2 ettin skeletons
  6 wyverns
  5 ushabtiu
  A shadow (D:10)
  2 wargs
  3 fire elementals
  5 fire bats (Swamp:4)
  10 basilisks
  2 death yak simulacra (IceCv)
  5 golden eyes (Abyss:2)
  3 steam dragons
  A neqoxec (Abyss:2)
  22 vampire mosquitoes
  2 acid dragons
  A chaos spawn (Abyss:2)
  2 harpy simulacra (IceCv)
  16 swamp worms
  A skyshark zombie (Crypt:2)
  35 nagas
  4 small abominations
  A hydra simulacrum (IceCv)
  4 hell hounds (Lair:5)
  14 water moccasins
  Pargi (D:4)
  22 orc warriors
  12 swamp drakes
  2 ice beasts
  A swamp dragon zombie (Crypt:2)
  5 sky beasts
  13 laughing skulls
  28 wolves
  25 ogres
  A snapping turtle skeleton (Crypt:2)
  A centaur (D:9)
  A phantom (D:6)
  7 kobold brigands
  3 weeping skulls (Abyss:2)
  9 gnoll sergeants
  3 necrophages
  2 scorpions (D:6)
  12 bullfrogs
  4 cane toad simulacra (IceCv)
  A salamander skeleton (Crypt:2)
  A komodo dragon skeleton (Crypt:2)
  3 two-headed ogre simulacra (IceCv)
  A water moccasin zombie (Crypt:2)
  A warg skeleton (Crypt:2)
  6 wights
  2 polar bear zombies
  13 killer bees
  A spriggan skeleton (Crypt:3)
  3 elephant simulacra (IceCv)
  A raiju skeleton (Crypt:1)
  6 howler monkeys
  4 electric eels (Snake:2)
  A quasit (Abyss:2)
  6 lava snakes
  A jelly (D:7)
  2 bombardier beetles
  5 hounds
  12 orc priests
  4 iguanas
  An iron imp (Abyss:2)
  6 gnoll boudas
  2 sleepcaps
  5 starcursed masses (Abyss:3)
  29 orc wizards
  A troll simulacrum (IceCv)
  7 spriggan simulacra (IceCv)
  A killer bee zombie (Crypt:1)
  A polar bear simulacrum (IceCv)
  2 wolf simulacra (IceCv)
  An acid dragon zombie (Crypt:2)
  A sky beast zombie (Crypt:1)
  A tengu zombie (Crypt:1)
  31 mummies
  28 gnolls
  A howler monkey skeleton (Crypt:3)
  9 naga simulacra (IceCv)
  19 adders
  5 river rats (Sewer)
  A shadow imp (D:5)
  14 white imps
  15 ufetubi
  A worm (D:4)
  2 dart slugs
  67 orcs
  2 endoplasms
  3 giant cockroaches
  8 goblins
  8 hobgoblins
  6 jackals (D:4)
  3 quokkas
  18 ball pythons
  A ball python skeleton (Crypt:1)
  4 bats
  5 frilled lizards
  A goblin zombie (Crypt:3)
  24 kobolds
  19 rats
1829 creatures vanquished.

Vanquished Creatures (others)
  A deep elf sorcerer (Elf:3)
  A bunyip (Swamp:1)
  2 hydras
  A deep elf knight (Elf:2)
  A spriggan druid (Swamp:2)
  A swamp dragon (Swamp:4)
  5 bloated husks
  A spriggan (Swamp:2)
  A basilisk (Lair:1)
  A fire elemental (Elf:3)
  A naga (Snake:3)
  A swamp worm (Swamp:1)
  A kobold brigand (D:6)
  44 foxfires
62 creatures vanquished.

Grand Total: 1891 creatures vanquished

Notes
Turn   | Place    | Note
-------+----------+-------------------------------------------
     0 | D:1      | TheSeeker391 the Hill Orc Fighter began the quest for the
                  | Orb.
     0 | D:1      | Reached XP level 1. HP: 19/19 MP: 1/1
   173 | D:1      | Reached XP level 2. HP: 17/27 MP: 2/2
   178 | D:1      | Reached skill level 3 in Axes
   909 | D:1      | Identified a scroll of acquirement
   909 | D:1      | Acquired the ring of Hepripti {rPois rN+ EV+5 Int-4 Dex+8}
  1017 | D:2      | Reached XP level 3. HP: 33/33 MP: 3/3
  1144 | D:2      | Found Korhur's Weapon Shop.
  1381 | D:2      | Reached skill level 4 in Axes
  1619 | D:3      | Reached XP level 4. HP: 37/40 MP: 4/4
  1641 | D:3      | Reached skill level 5 in Axes
  1872 | D:3      | Noticed Sigmund
  1874 | D:3      | Reached XP level 5. HP: 44/46 MP: 5/5
  1881 | D:3      | Killed Sigmund
  1882 | D:3      | Reached skill level 6 in Axes
  1882 | D:3      | Reached skill level 1 in Stealth
  1882 | D:3      | Reached XP level 6. HP: 49/53 MP: 6/6
  1934 | D:3      | Gained mutation: Your flesh is cold resistant. (rC+)
                  | [potion of mutation]
  1934 | D:3      | Gained mutation: You possess an exceptional clarity of
                  | mind. [potion of mutation]
  1972 | D:4      | Found a glowing golden altar of the Shining One.
  2023 | D:4      | Reached skill level 7 in Axes
  2029 | D:4      | Noticed Pargi
  2046 | D:4      | Killed Pargi
  2047 | D:4      | Reached XP level 7. HP: 35/60 MP: 7/7
  2189 | D:4      | Found a glowing drain.
  2200 | Sewer    | Entered a sewer
  2373 | Sewer    | Reached skill level 8 in Axes
  2380 | Sewer    | Reached skill level 5 in Fighting
  2596 | Sewer    | Reached XP level 8. HP: 67/68 MP: 8/8
  2802 | D:4      | Found an iron altar of Okawaru.
  2817 | D:4      | Became a worshipper of Warmaster Okawaru
  2941 | D:4      | Reached skill level 9 in Axes
  3102 | D:4      | Found a basalt altar of Yredelemnul.
  3103 | D:4      | Found an ancient bone altar of Kikubaaqudgha.
  3104 | D:4      | Found a hazy altar of Hepliaklqana.
  3304 | D:5      | Entered Level 5 of the Dungeon
  3362 | D:5      | Found a sacrificial altar of Ru.
  3482 | D:5      | Reached skill level 1 in Invocations
  3544 | D:5      | Identified the +12 long sword of the Middle {pain, rPois
                  | rF+}
  3935 | D:6      | Reached skill level 1 in Dodging
  3935 | D:6      | Reached skill level 5 in Shields
  4281 | D:6      | Reached skill level 10 in Axes
  4281 | D:6      | Reached skill level 5 in Armour
  4288 | D:6      | Reached * piety under Okawaru
  4540 | D:6      | Found a shimmering altar of Xom.
  4552 | D:6      | Found a transporter.
  4554 | D:6      | Identified the +1 great mace of Puas {flame, ^Drain rPois
                  | rN++ Stlth+}
  4554 | D:6      | Noticed a two-headed ogre
  4554 | D:6      | Noticed Pascal76's ghost (novice MiFi)
  4556 | D:6      | Found a transporter.
  4574 | D:6      | Reached XP level 9. HP: 75/75 MP: 8/11
  5079 | D:6      | Reached skill level 11 in Axes
  5113 | D:6      | Reached skill level 5 in Invocations
  5706 | D:6      | Reached ** piety under Okawaru
  5939 | D:6      | Killed a two-headed ogre
  5940 | D:6      | Reached skill level 12 in Axes
  5940 | D:6      | Reached XP level 10. HP: 56/86 MP: 12/14
  5952 | D:6      | Killed Pascal76's ghost
  6200 | D:7      | Found a staircase to the Ecumenical Temple.
  6452 | D:7      | Reached skill level 13 in Axes
  6554 | D:7      | Reached *** piety under Okawaru
  6597 | D:7      | Acquired the +5 war axe "Vomim" {speed, rC+ rCorr}
  7224 | D:7      | Lost mutation: Your flesh is cold resistant. (rC+) [potion
                  | of mutation]
  7224 | D:7      | Lost mutation: You possess an exceptional clarity of mind.
                  | [potion of mutation]
  7224 | D:7      | Gained mutation: Your body sometimes deteriorates upon
                  | taking damage. [potion of mutation]
  7224 | D:7      | Gained mutation: You have a pair of small horns on your
                  | head. [potion of mutation]
  7224 | D:7      | Gained mutation: You occasionally shout uncontrollably at
                  | your foes. [potion of mutation]
  7224 | D:7      | Gained mutation: You are agile. (Dex +4, Str/Int -1)
                  | [potion of mutation]
  7225 | D:7      | Lost mutation: Your body sometimes deteriorates upon taking
                  | damage. [potion of mutation]
  7225 | D:7      | Lost mutation: You have a pair of small horns on your head.
                  | [potion of mutation]
  7225 | D:7      | Lost mutation: You occasionally shout uncontrollably at
                  | your foes. [potion of mutation]
  7225 | D:7      | Gained mutation: You are very agile. (Dex +8, Str/Int -2)
                  | [potion of mutation]
  7225 | D:7      | Gained mutation: Your flesh is heat resistant. (rF+)
                  | [potion of mutation]
  7225 | D:7      | Gained mutation: You have a pair of small antennae on your
                  | head. [potion of mutation]
  7295 | D:8      | Found a bloodstained altar of Trog.
  7342 | D:8      | Found a shimmering blue altar of Sif Muna.
  7346 | D:8      | Got Sif Muna's Guide on the Volcano
  7786 | D:8      | Reached **** piety under Okawaru
  7795 | D:8      | Reached skill level 14 in Axes
  7854 | D:8      | Reached XP level 11. HP: 95/95 MP: 17/17
  8521 | D:9      | Noticed Amaemon
  8554 | D:9      | Killed Amaemon
  8554 | D:9      | Reached ***** piety under Okawaru
  8770 | D:9      | Found a flagged portal.
  8779 | Bailey   | Entered a bailey
  9057 | Bailey   | Received a gift from Okawaru
  9058 | Bailey   | Reached skill level 15 in Axes
  9556 | D:10     | Entered Level 10 of the Dungeon
  9887 | D:10     | Noticed a deep elf pyromancer
  9887 | D:10     | Noticed an orc knight
  9887 | D:10     | Noticed a centaur warrior
  9889 | D:10     | Noticed a cyclops
  9890 | D:10     | Noticed a cyan ugly thing
  9898 | D:10     | Killed a cyclops
  9912 | D:10     | Killed an orc knight
  9913 | D:10     | Reached skill level 10 in Fighting
  9918 | D:10     | Killed a centaur warrior
  9921 | D:10     | Reached XP level 12. HP: 84/106 MP: 16/19
  9936 | D:10     | Reached skill level 16 in Axes
 10072 | D:10     | Identified the +1 spear "Jellyslayer" {holy, ^Fragile
                  | +Blink rPois Will+}
 10243 | D:10     | Reached skill level 10 in Invocations
 10251 | D:10     | Found a sparkling altar of Nemelex Xobeh.
 10771 | D:11     | Noticed Maurice
 10773 | D:11     | Maurice stole 292 gold
 10789 | D:11     | Killed Maurice
 10985 | D:11     | Received a gift from Okawaru
 11288 | D:11     | Noticed a two-headed ogre
 11301 | D:11     | Killed a two-headed ogre
 11440 | D:11     | Found a staircase to the Lair.
 11450 | D:11     | Identified the +5 shortbow "Vottiko" {heavy, rElec rC++
                  | Will+}
 11460 | D:11     | Reached skill level 17 in Axes
 11823 | Lair:1   | Entered Level 1 of the Lair of Beasts
 11979 | Lair:1   | Reached ****** piety under Okawaru
 11979 | Lair:1   | Received a gift from Okawaru
 11980 | Lair:1   | Reached XP level 13. HP: 92/117 MP: 21/21
 11980 | Lair:1   | Acquired the +7 war axe "Ox" {flame, Int+4}
 11980 | Lair:1   | Received a gift from Okawaru
 11982 | Lair:1   | Acquired the +12 crystal plate armour "Murymoora" {rPois
                  | Str+5}
 11982 | Lair:1   | Received a gift from Okawaru
 12506 | Lair:1   | Acquired a manual of Shields
 12674 | Lair:2   | Found a frozen archway.
 12706 | IceCv    | Entered an ice cave
 12971 | IceCv    | Noticed a reaper
 13001 | IceCv    | Killed a reaper
 13604 | IceCv    | Received a gift from Okawaru
 13811 | Lair:2   | Reached skill level 18 in Axes
 14659 | Lair:3   | Found a staircase to the Snake Pit.
 14691 | Lair:3   | Received a gift from Okawaru
 14692 | Lair:3   | Reached XP level 14. HP: 110/129 MP: 23/23
 14794 | Lair:3   | Found a staircase to the Swamp.
 15004 | Lair:3   | Reached skill level 10 in Shields
 15074 | Lair:3   | Noticed Gastronok
 15086 | Lair:3   | Killed Gastronok
 15159 | Lair:3   | Received a gift from Okawaru
 15507 | Lair:4   | Reached skill level 5 in Dodging
 15510 | Lair:4   | Reached skill level 19 in Axes
 15877 | Lair:4   | Reached skill level 10 in Armour
 16290 | Lair:5   | Entered Level 5 of the Lair of Beasts
 16354 | Lair:5   | Received a gift from Okawaru
 16582 | Lair:5   | Found a large runed translucent door.
 16582 | Lair:5   | Found a large runed translucent door.
 16667 | Lair:5   | Reached XP level 15. HP: 129/139 MP: 25/25
 16909 | Lair:5   | Found a staircase to the Slime Pits.
 16988 | Lair:5   | Reached skill level 15 in Fighting
 17115 | Lair:5   | Received a gift from Okawaru
 17531 | Lair:5   | Reached skill level 1 in Evocations
 17544 | Lair:5   | Identified the +7 spear "Saavic" {drain, +Blink}
 17637 | Snake:1  | Entered Level 1 of the Snake Pit
 17894 | Snake:1  | Found Hoef's Armour Boutique.
 17894 | Snake:1  | Found Epsilyg's Antique Armour Shop.
 17984 | Snake:1  | Bought a glowing scarf for 312 gold pieces
 17984 | Snake:1  | Bought a pair of embroidered boots for 292 gold pieces
 18004 | Snake:1  | Found Imigeraid's Armour Emporium.
 18025 | Snake:1  | Bought the +3 warlock's mirror {omnireflect} for 680 gold
                  | pieces
 18025 | Snake:1  | Found the +3 warlock's mirror {omnireflect}
 18438 | Snake:1  | Received a gift from Okawaru
 18439 | Snake:1  | Reached skill level 20 in Axes
 19040 | Snake:2  | Received a gift from Okawaru
 19464 | Snake:2  | Reached XP level 16. HP: 151/151 MP: 26/26
 19576 | Snake:2  | Noticed Saint Roka
 19599 | Snake:2  | Killed Saint Roka
 20152 | Snake:3  | Noticed a nagaraja
 20158 | Snake:3  | Killed a nagaraja
 20215 | Snake:3  | Noticed a nagaraja
 20225 | Snake:3  | Killed a nagaraja
 20225 | Snake:3  | Received a gift from Okawaru
 20516 | Snake:3  | Found Cofriet's Armour Boutique.
 20525 | Snake:3  | Reached skill level 5 in Evocations
 20815 | Snake:3  | Noticed a nagaraja
 20839 | Snake:3  | Killed a nagaraja
 20937 | Snake:3  | Received a gift from Okawaru
 21078 | Snake:4  | Entered Level 4 of the Snake Pit
 21079 | Snake:4  | Noticed a nagaraja
 21097 | Snake:4  | Found a runed translucent door.
 21098 | Snake:4  | Found a shimmering altar of Xom.
 21098 | Snake:4  | Noticed Turbonekonecno's ghost (adept SpEn)
 21098 | Snake:4  | Identified the +4 eveningstar "Giuchos" {chaos, rPois rCorr
                  | Int+4 Dex-3}
 21106 | Snake:4  | Found a blossoming altar of Fedhas.
 21199 | Snake:4  | Killed Turbonekonecno's ghost
 21277 | Snake:4  | Noticed a nagaraja
 21296 | Snake:4  | Killed a nagaraja
 21778 | Snake:4  | Reached skill level 15 in Shields
 21787 | Snake:4  | Received a gift from Okawaru
 21809 | Snake:4  | Reached skill level 10 in Dodging
 22098 | Snake:4  | Killed a nagaraja
 22442 | Snake:4  | Reached XP level 17. HP: 112/160 MP: 28/28
 23009 | Snake:4  | Received a gift from Okawaru
 23013 | Snake:4  | Reached skill level 21 in Axes
 23169 | Snake:4  | Got a serpentine rune of Zot
 23745 | Swamp:1  | Entered Level 1 of the Swamp
 23775 | Swamp:1  | Received a gift from Okawaru
 24953 | Swamp:2  | Received a gift from Okawaru
 25735 | Swamp:3  | Reached skill level 15 in Invocations
 26171 | Swamp:3  | Identified the +3 leather armour "Sevinasm" {*Slow +Inv
                  | rElec}
 26320 | Swamp:4  | Entered Level 4 of the Swamp
 26332 | Swamp:4  | Reached XP level 18. HP: 168/170 MP: 29/29
 26470 | Swamp:4  | Received a gift from Okawaru
 26984 | Swamp:4  | Received a gift from Okawaru
 27301 | Swamp:4  | Got a decaying rune of Zot
 27695 | Slime:1  | Entered Level 1 of the Pits of Slime
 29034 | D:12     | Noticed Josephine
 29041 | D:12     | Killed Josephine
 29053 | D:12     | Found Coam's Gadget Gallery.
 29098 | D:12     | Bought a phial of floods for 720 gold pieces
 29098 | D:12     | Bought a lightning rod (4/4) for 720 gold pieces
 29429 | D:12     | Reached skill level 22 in Axes
 29432 | D:12     | Found a staircase to the Orcish Mines.
 29650 | Orc:1    | Entered Level 1 of the Orcish Mines
 30054 | Orc:2    | Entered Level 2 of the Orcish Mines
 30054 | Orc:2    | Found a staircase to the Elven Halls.
 30073 | Orc:2    | Received a gift from Okawaru
 30091 | Orc:2    | Found Emaheax's Weapon Emporium.
 30115 | Orc:2    | Paralysed by something for 2 turns
 30274 | Orc:2    | Found Kulian's Antique Armour Boutique.
 30282 | Orc:2    | Found Aliewel's Antique Weapon Shoppe.
 30283 | Orc:2    | Found Alecun's Magic Scroll Shoppe.
 30291 | Orc:2    | Bought a scroll of blinking for 75 gold pieces
 30291 | Orc:2    | Bought a scroll of teleportation for 30 gold pieces
 30675 | Elf:1    | Entered Level 1 of the Elven Halls
 30912 | Elf:1    | Found a huge runed translucent gate.
 30913 | Elf:1    | Found a huge runed translucent gate.
 30914 | Elf:1    | Found a huge runed translucent gate.
 30914 | Elf:1    | Found a huge runed translucent gate.
 30915 | Elf:1    | Found a huge runed translucent gate.
 30916 | Elf:1    | Found a huge runed translucent gate.
 30916 | Elf:1    | Found a huge runed translucent gate.
 30916 | Elf:1    | Found a huge runed translucent gate.
 30916 | Elf:1    | Found a huge runed translucent gate.
 30917 | Elf:1    | Found a huge runed translucent gate.
 30917 | Elf:1    | Found a huge runed translucent gate.
 30917 | Elf:1    | Found a huge runed translucent gate.
 30917 | Elf:1    | Found a huge runed translucent gate.
 30917 | Elf:1    | Found a huge runed translucent gate.
 30917 | Elf:1    | Found a huge runed translucent gate.
 30917 | Elf:1    | Found a huge runed translucent gate.
 30917 | Elf:1    | Found a huge runed translucent gate.
 30918 | Elf:1    | Found a huge runed translucent gate.
 30918 | Elf:1    | Found a huge runed translucent gate.
 30918 | Elf:1    | Found a huge runed translucent gate.
 30918 | Elf:1    | Noticed a deep elf blademaster
 30934 | Elf:1    | Killed a deep elf blademaster
 31319 | Elf:1    | Reached XP level 19. HP: 170/180 MP: 30/30
 31412 | Elf:1    | Noticed Louise
 31449 | Elf:1    | Noticed Jorgrun
 31452 | Elf:1    | Killed Louise
 31879 | Elf:1    | Killed Jorgrun
 31911 | Elf:1    | Acquired 972 gold pieces
 32054 | Elf:1    | Found Naipaer's Book Emporium.
 32058 | Elf:1    | Found Gufuaf's Assorted Antiques.
 32059 | Elf:1    | Found Kenwom's Weapon Emporium.
 32064 | Elf:1    | Bought a scroll of blinking for 195 gold pieces
 32064 | Elf:1    | Bought a scroll of teleportation for 78 gold pieces
 32348 | Elf:2    | Found Ret Liudia's Overcharged Wands.
 32401 | Elf:2    | Paralysed by an air elemental for 1 turns
 32507 | Elf:2    | Found Seddif's Book Emporium.
 32513 | Elf:2    | Paralysed by an air elemental for 1 turns
 32579 | Elf:2    | Received a gift from Okawaru
 32614 | Elf:2    | Found a runed translucent gate.
 32614 | Elf:2    | Found a runed translucent gate.
 32615 | Elf:2    | Found a runed translucent gate.
 33171 | Elf:2    | Received a gift from Okawaru
 33610 | Elf:2    | Reached XP level 20. HP: 191/191 MP: 31/31
 33670 | Elf:3    | Entered Level 3 of the Elven Halls
 33887 | Elf:3    | Reached skill level 23 in Axes
 34482 | Elf:3    | Received a gift from Okawaru
 34487 | Elf:3    | Paralysed by an air elemental for 1 turns
 34487 | Abyss:2  | Cast into level 2 of the Abyss (a ghostly deep elf
                  | sorcerer)
 34585 | Abyss:2  | Noticed a bone dragon
 34603 | Abyss:2  | Paralysed by accursed screaming for 1 turns
 34644 | Abyss:2  | Killed a bone dragon
 34644 | Abyss:2  | Gained mutation: Your magical capacity is low. (-10% MP) [a
                  | neqoxec]
 34726 | Abyss:2  | Reached XP level 21. HP: 95/199 MP: 29/29
 34785 | Elf:3    | Escaped the Abyss
 35650 | Elf:3    | Reached skill level 10 in Evocations
 36134 | Elf:3    | Paralysed by an air elemental for 1 turns
 36144 | Elf:3    | Received a gift from Okawaru
 36148 | Elf:3    | Identified the +7 scale mail of Least Resistance {rF+}
 37500 | Elf:3    | Identified the +4 scale mail "Jac Xym" {rN+ SInv}
 37502 | Elf:3    | Identified the staff "Jellyslayer" {rPois Int-3 Air Earth}
 37582 | Elf:3    | Got the Almanac of Calid Toxicology
 38601 | D:13     | Found a gate to the Vaults.
 39041 | Vaults:1 | Entered Level 1 of the Vaults
 39262 | Vaults:1 | Found Bewn's Weapon Shop.
 39314 | Vaults:1 | Identified the +3 leather armour of Heprause {Harm *Slow
                  | Dex+8}
 39484 | Vaults:1 | Found Neajepn's Armour Emporium.
 39635 | Vaults:1 | Received a gift from Okawaru
 40447 | Vaults:2 | Received a gift from Okawaru
 40503 | Vaults:2 | Found a crumbling gateway.
 40521 | Desolati | Entered the Desolation of Salt
 40670 | Abyss:3  | Cast into level 3 of the Abyss (servant of whispers)
 40815 | Abyss:3  | Reached skill level 24 in Axes
 40852 | Abyss:3  | Reached XP level 22. HP: 192/211 MP: 30/30
 40923 | Desolati | Escaped the Abyss
 40948 | Desolati | Received a gift from Okawaru
 41212 | Desolati | Identified the ring of Jelal {rCorr Int+2 Dex+6}
 41218 | Desolati | Identified the staff of Reres {rN+ rCorr Stlth- Necro Fire}
 41222 | Desolati | Identified the +8 mace of the Enemy {flame, rPois rC+
                  | Dex+3}
 41500 | Desolati | Identified the amulet of the Will of the Gods {Reflect
                  | Str+5 SH+5}
 41520 | Desolati | Identified the ring "Fexiup" {Fire Str+2}
 41526 | Desolati | Got Sif Muna's Vellum of Destruction
 41601 | Desolati | Found the +7 mace of Variability {chaos, chaos arc}
 41615 | Desolati | Identified the staff "Puar" {rC+ Fire Ice}
 41622 | Desolati | Identified the +7 plate armour of Gahiw {Rampage Str+3}
 41655 | Desolati | Identified the +1 plate armour of Fopsoabb {rElec Str+4}
 41880 | Vaults:2 | Identified the +2 buckler of Syini {rF- Will++}
 42117 | Vaults:2 | Found a portal to a secret trove of treasure.
 42171 | Vaults:2 | Noticed Mara
 42184 | Vaults:2 | Killed Mara
 42401 | Vaults:2 | Noticed Xtahua
 42423 | Vaults:2 | Killed Xtahua
 42531 | Vaults:2 | Paralysed by a formless jellyfish for 1 turns
 42537 | Vaults:2 | Received a gift from Okawaru
 43567 | Vaults:3 | You are sucked into a shaft and drop 1 floor!
 43688 | Vaults:3 | Noticed Jory
 43714 | Vaults:3 | Killed Jory
 43727 | Vaults:3 | Received a gift from Okawaru
 44222 | Vaults:3 | Found a staircase to the Crypt.
 44546 | Vaults:3 | Reached XP level 23. HP: 182/221 MP: 32/32
 44870 | Crypt:1  | Entered Level 1 of the Crypt
 45004 | Crypt:1  | Received a gift from Okawaru
 45082 | Crypt:1  | Reached skill level 25 in Axes
 46272 | Crypt:2  | Reached skill level 15 in Armour
 46372 | Crypt:2  | Identified the +10 trident of Chagrin {drain, SInv}
 46706 | Crypt:3  | Entered Level 3 of the Crypt
 47369 | Crypt:3  | Received a gift from Okawaru
 48272 | Crypt:3  | Found a staircase to the Tomb.
 48479 | Crypt:3  | Found the +5 scythe "Finisher" {speed, execute}
 48480 | Crypt:3  | Found a basalt altar of Yredelemnul.
 48506 | Crypt:3  | Received a gift from Okawaru
 48517 | Crypt:3  | Found an ancient bone altar of Kikubaaqudgha.
 48874 | Crypt:3  | Found the +4 robe of Folly {Brill Will-∞ Int+8}
 48885 | Crypt:3  | Identified the ring of Cynicism {*Corrode rN+ Will+++ Dex-5
                  | SInv}
 48885 | Crypt:3  | Identified the ring "Fokech" {rN+ Will+}
 48885 | Crypt:3  | Identified the ring of Xifiwicw {rN+ Dex+4}
 48894 | Crypt:3  | Identified the +3 war axe of Darkness {speed, rN++ MP+9
                  | Int-2 Stlth+}
 49190 | Tomb:1   | Entered Level 1 of the Tomb of the Ancients
 49340 | Tomb:1   | Paralysed by a sphinx for 3 turns
 49351 | Tomb:1   | Received a gift from Okawaru
 49374 | Tomb:1   | Noticed a royal mummy
 49850 | Tomb:1   | Killed a royal mummy
 49992 | Tomb:1   | Reached XP level 24. HP: 149/231 MP: 32/32
 50741 | Tomb:1   | Noticed a royal mummy
 50760 | Tomb:1   | Killed a royal mummy
 51173 | Tomb:1   | Noticed a royal mummy
 51173 | Tomb:1   | Noticed a royal mummy
 52301 | Tomb:2   | Noticed a royal mummy
 52302 | Tomb:2   | Noticed a royal mummy
 52309 | Tomb:2   | Noticed a royal mummy
 52311 | Tomb:2   | Noticed a royal mummy
 52839 | Tomb:2   | HP: 11/233 [guardian mummy (18)]
 52869 | Tomb:2   | HP: 11/233 [emperor scorpion[a royal mummy] (3)]
 52878 | Tomb:2   | HP: 10/233 [mummy priest/divine providence (11)]
 52879 | Tomb:2   | HP: 1/233 [ushabti] (9)]
 52888 | Tomb:2   | Killed from afar by a royal mummy

Illustrated notes

Levels and vault maps discovered:
D:1:      lemuel_arrival_river_ford, layout_basic, serial_bayou_pond_c
D:2:      layout_basic, serial_shops, shop
D:3:      layout_basic, uniq_sigmund
D:4:      layout_cave_pools, tso_metal_star, okawaru_trees_1,
          gammafunk_temple_overflow_claw, cheibrodos_sewer_entry_sluice,
          kennysheep_generic_room_11, uniq_pargi
D:5:      layout_basic, kennysheep_little_box
D:6:      layout_layer_cave, xom_confusion_cloud, gammafunk_ghost_smash
D:7:      layout_gridville, minmay_temple_entry_proselytizer, roderic_lattice_a
D:8:      layout_basic, nzn_overflow_gifts_of_might_and_magic
D:9:      layout_roguey, enter_bailey_8, uniq_amaemon
D:10:     minmay_the_grid_square_5x5_3x3 [minmay_the_grid_square_5x5_meh,
          minmay_the_grid_square_5x5_moneybag,
          minmay_the_grid_square_5x5_tetrominoes,
          minmay_the_grid_square_5x5_plus,
          minmay_the_grid_square_5x5_megaprize_diamond,
          minmay_the_grid_square_5x5_one_wall,
          minmay_the_grid_square_5x5_two_walls_b,
          minmay_the_grid_square_5x5_percent,
          minmay_the_grid_square_5x5_shrine1], layout_gridville,
          mainiacjoe_overflow_tiny_flanked
D:11:     layout_roguey, erik_lair_dragon, uniq_maurice
D:12:     layout_loops_cross, orc_0_dummy, nicolae_shop_gadgets, uniq_josephine
D:13:     layout_irregular_city, david_vaults_1, grunt_ministairs_4
Lair:1:   minmay_lair_venomous_thicket, layout_regular_city
Lair:2:   layout_cave_pods, portal_ice_cave_entry_imps, gauntlet_entry_generic
Lair:3:   layout_loops_ring, swamp_mist, minmay_snake_entry_guardpost_small,
          grunt_megastairs_2, infiniplex_staircase_pool_2, uniq_gastronok
Lair:4:   layout_regular_city, minmay_lindwurm_lava
Lair:5:   cheibrodos_lair_end_hotspot, layout_regular_city, slime_entry_1
Swamp:1:  layout_basic_swamp, evilmike_swamp_ruin_house_1, swamp_pool_5
Swamp:2:  layout_basic_swamp, hangedman_swamp_diagram, roderic_carrion_pond,
          nicolae_swamp_tree_isthmus
Swamp:3:  layout_basic_swamp, evilmike_swamp_ruin_rubble_1, swamp_pool_1_2,
          nicolae_swamp_decorative_isthmus
Swamp:4:  swamp_fiery, layout_basic_swamp
Snake:1:  layout_misc_corridors, serial_shops, shop, grunt_ministairs_7,
          minmay_shoptagon
Snake:2:  layout_grid_shapes, drop_trap, nicolae_snake_bzzzt, uniq_saint_roka
Snake:3:  layout_misc_corridors, serial_shops, nicolae_shop_peninsula
Snake:4:  snake_pit_salamanders_mu, layout_cave_shapes, ebering_ghost_xom,
          basic_altar, st_stairs_14, serial_bayou_shore_b
Slime:1:  layout_caves
Orc:1:    layout_diamond_mine
Orc:2:    st_orc_open, layout_caves
Elf:1:    eino_elf_arrival_sip, layout_loops_ring, hangedman_elf_represent,
          minmay_shop_star, grunt_megastairs_3, lemuel_upstairs_altar,
          uniq_jorgrun, uniq_louise
Elf:2:    elven_hall_of_blades_hangedman_original [nicolae_blade_lattice],
          layout_geoelf_grid, serial_shops, nicolae_take_the_stairs,
          nicolae_shop_overcharged_wands
Elf:3:    minmay_elf_hall_dome, layout_loops_corners
Vaults:1: nicolae_vaults_taking_the_gang_shopping,
          nicolae_vaults_mini_display_case, nicolae_vaults_oval_intersection,
          hangedman_vaults_nodes, nicolae_vaults_sesquioval_fish,
          grunt_vaults_hallway_short, nicolae_vaults_network_star,
          nicolae_vaults_tetromino_T_2, layout_vaults_omnigrid, serial_shops,
          nicolae_shop_trees
Vaults:2: portal_desolation_entry_salt, nicolae_vaults_octothorpe,
          nicolae_vaults_alarming, nicolae_vaults_storage_room_statues,
          vaults_standard_mumra_lines, nicolae_vaults_trapezoid_2,
          vaults_room_large_hall, grunt_vaults_hallway_short,
          vaults_room_grunt_arrival_ludios, v_misc_17,
          nicolae_vaults_trapezoid_1, v_misc_25,
          nicolae_vaults_security_offices_1,
          nicolae_vaults_trapezoid_lopsided_3, layout_vaults_chaotic_city,
          nicolae_trove_entry_crystal, uniq_mara, uniq_xtahua
Vaults:3: nicolae_vaults_swerve, hangedman_vaults_nails,
          hangedman_vaults_stagger, vaults_mumra_chevron,
          nicolae_vaults_closet_pinwheel_6, hangedman_vaults_variations,
          v_alt_pattern_1, minmay_orc_keep, minmay_crypt_entry_simple_corners,
          v_misc_27, ontoclasm_vaults_loading_screen, vaults_room_door_ring,
          layout_vaults_ring, uniq_jory
Vaults:4: vaults_room_boxed, v_rooms_4, v_misc_2, st_squares, vaults_dpeg_hooks,
          nicolae_vaults_heist, nicolae_vaults_border_crossing,
          hangedman_vaults_nails, nicolae_vaults_trapezoid_4,
          nicolae_vaults_octothorpe, nicolae_vaults_diamond_1,
          serial_library_hellmonk_semicircle, layout_vaults_omnicross,
          serial_shops, shop
Crypt:1:  layout_catacombs
Crypt:2:  layout_rooms, minicrypt_bobbens
Crypt:3:  lightli_unholy_cathedral, layout_chaotic_city,
          tomb_entry_sphere_bobbens, serial_sigils_hangedman_shear
Tomb:1
Tomb:2

Skill      XL: |  1  2  3  4  5  6  7  8  9 10 11 12 13 14 15 16 17 18 19 20 21 22 23 24 |
---------------+-------------------------------------------------------------------------+-----
Axes           | 3 4 5 6 7 8 10 12 14 15 17 18 19 20 21 22 23 24 25 | 25.9
Fighting       | 4 5 6 7 8 10 11 13 14 15 16 17 18 19 20 21 22 | 22.4
Armour         | 4 5 6 7 8 9 10 11 12 13 14 15 | 15.6
Stealth        | 1 2 |  2.2
Shields        | 4 5 6 7 9 11 13 15 16 17 18 19 20 21 | 21.0
Invocations    | 3 6 8 9 11 13 14 15 16 17 18 19 | 19.1
Dodging        | 1 2 3 6 8 10 11 12 13 14 | 14.9
Evocations     | 4 6 7 8 9 10 | 10.1
Spellcasting   | |  0.4

Action                     |  1- 3 |  4- 6 |  7- 9 | 10-12 | 13-15 | 16-18 | 19-21 | 22-24 || total
---------------------------+-------+-------+-------+-------+-------+-------+-------+-------++-------
  Melee: War axe           |    92 |    66 |   249 |   671 |   867 |  1265 |  1002 |  1381 ||  5593
 Invoke: Heroism           |       |       |     3 |     6 |    11 |    14 |    13 |    16 ||    63
         Finesse           |       |       |       |     2 |     1 |     1 |     1 |     3 ||     8
         Receive Weapon    |       |       |       |       |     1 |       |       |       ||     1
         Receive Armour    |       |       |       |       |     1 |       |       |       ||     1
  Evoke: Wand              |       |     4 |     1 |       |     2 |       |       |     3 ||    10
         Phial of floods   |       |       |       |       |       |       |     2 |     2 ||     4
         Lightning rod     |       |       |       |       |       |       |     5 |     6 ||    11
    Use: Scroll            |     7 |     1 |     9 |     7 |    10 |     2 |    19 |    18 ||    73
         Potion            |       |     2 |     3 |     3 |     1 |     3 |     5 |    20 ||    37
   Stab: Distracted        |       |     1 |       |       |       |       |       |     1 ||     2
         Confused          |       |       |       |       |       |       |     2 |     1 ||     3
         Paralysed         |       |       |       |       |       |       |       |     2 ||     2
 Armour: Scale mail        |    28 |       |       |       |       |       |       |       ||    28
         Chain mail        |    14 |    45 |   129 |   146 |       |       |       |       ||   334
         Plate armour      |       |       |       |   110 |       |       |       |       ||   110
         Crystal plate arm |       |       |       |       |   556 |   620 |   458 |   417 ||  2051
  Dodge: Dodged            |    58 |    58 |   137 |   247 |   411 |   666 |   545 |   791 ||  2913
  Block: Buckler           |    40 |    28 |    86 |   198 |   369 |   734 |   535 |  1067 ||  3057
         Reflection        |       |       |       |       |    15 |    95 |    95 |    76 ||   281

Table legend: (Time is in decaauts)
 A = Elapsed time spent in this place.
 B = Non-inter-level travel time spent in this place.
 C = Inter-level travel time spent in this place.
 D = Time resting spent in this place.
 E = Time spent auto-exploring this place.
 F = Levels seen in this place.
 G = Mean time per level.
                   A        B        C        D        E       F      G
               +--------+--------+--------+--------+--------+-----+--------+
         Total |  51389 |  45855 |   5534 |  11436 |  25331 |  47 | 1093.4 |
       Dungeon |  12999 |  11528 |   1471 |   1383 |   8379 |  13 |  999.9 |
          Lair |   5205 |   4671 |    534 |    417 |   3330 |   5 | 1041.0 |
         Swamp |   3736 |   3343 |    393 |    750 |   1859 |   4 |  934.0 |
     Snake Pit |   5907 |   5405 |    502 |   2705 |   1764 |   4 | 1476.8 |
    Slime Pits |     10 |     10 |      0 |      0 |      0 |   1 |   10.0 |
  Orcish Mines |   1058 |    957 |    101 |      0 |    762 |   2 |  529.0 |
   Elven Halls |   6786 |   5625 |   1161 |   2752 |   2003 |   3 | 2262.0 |
        Vaults |   4333 |   3657 |    676 |      0 |   3004 |   4 | 1083.2 |
         Crypt |   4113 |   3793 |    320 |    547 |   2469 |   3 | 1371.0 |
          Tomb |   3666 |   3291 |    375 |   2333 |    422 |   2 | 1833.0 |
         Abyss |    501 |    501 |      0 |     63 |     92 |   2 |  250.5 |
         Sewer |    595 |    595 |      0 |      0 |    419 |   1 |  595.0 |
        Bailey |    498 |    498 |      0 |    202 |     72 |   1 |  498.0 |
      Ice Cave |    960 |    960 |      0 |     84 |    527 |   1 |  960.0 |
    Desolation |   1016 |   1016 |      0 |    199 |    228 |   1 | 1016.0 |
               +--------+--------+--------+--------+--------+-----+--------+

Top non-repeatable levels by time:
   Elf:3: 3768 daAuts
  Tomb:1: 3091 daAuts
 Snake:4: 2515 daAuts
 Crypt:3: 2151 daAuts
     D:6: 2110 daAuts
   Elf:1: 1747 daAuts
  Lair:5: 1604 daAuts
Vaults:3: 1572 daAuts
Vaults:2: 1403 daAuts
Vaults:1: 1344 daAuts
 Snake:2: 1298 daAuts
   Elf:2: 1269 daAuts
    D:11: 1255 daAuts
 Swamp:2: 1184 daAuts
    D:10: 1171 daAuts
